 Dungeon Crawl Stone Soup version 0.32-a0-705-g60f233581c (webtiles) character file.

Game seed: 16219682612925301195

80 growler the Vexing (level 4, 0/24 HPs)
             Began as a Vampire Enchanter on Mar 14, 2024.
             Slain by a ball python (3 damage)
             ... on level 3 of the Dungeon.
             The game lasted 00:06:02 (1597 turns).

growler the Vexing (Vampire Enchanter)              Turns: 1597, Time: 00:06:02

Health: 0/24       AC:  2    Str:  7    XL:     4   Next: 18%
Magic:  5/7        EV:  1    Int: 17    God:
Gold:   43         SH:  0    Dex: 16    Spells: 2/7 levels left

rFire   . . .        a - +1 dagger
rCold   + + .        (no shield)
rNeg    + + +        b - +0 robe
rPois   ∞            (no helmet)
rElec   .            (no cloak)
rCorr   .            (no gloves)
SInv    +            (no boots)
Will    .....        (no amulet)
Stlth   +++++        e - +4 ring of slaying
HPRegen 0.00/turn    (no ring)
MPRegen 0.10/turn

%: no passive effects
@: bloodless, inhibited regen, constricted
A: bloodless, fangs 3, see invisible, vampiric 2
a: Bat Form, Revivify, Convert to Beogh


You were on level 3 of the Dungeon.
You visited 1 branch of the dungeon, and saw 3 of its levels.

You collected 43 gold pieces.

Inventory:

Hand Weapons
 a - a +1 dagger (weapon)
Armour
 b - a +0 robe (worn)
Jewellery
 e - a +4 ring of slaying (left hand)
Scrolls
 d - a scroll of enchant weapon {unknown}
 i - a scroll of acquirement {unknown}
 m - a scroll of enchant armour {unknown}
Potions
 c - 2 potions of invisibility
 f - a potion of curing
 g - a potion of lignification {unknown}
 h - a potion of mutation {unknown}
 j - 2 potions of attraction {unknown}
 k - a potion of resistance
 l - a potion of haste


   Skills:
 + Level 3.2 Short Blades
 - Level 2.1 Dodging
 - Level 4.4 Stealth
 - Level 2.0 Spellcasting
 + Level 6.1 Hexes


You had 2 spell levels left.
You knew the following spells:

 Your Spells              Type           Power      Damage    Failure   Level
a - Ensorcelled Hibernat  Hex/Ice        24%        N/A       9%          2
b - Confusing Touch       Hex            22%        N/A       4%          3

Your spell library contained the following spells:

 Spells                   Type           Power      Damage    Failure   Level
 Tukima's Dance           Hex            22%        N/A       4%          3
 Dazzling Flash           Conj/Hex       24%        N/A       17%         3


Dungeon Overview and Level Annotations

Branches:
Dungeon (3/15)

Altars:


Innate Abilities, Weirdness & Mutations

You do not regenerate when monsters are visible.
You are frail without blood (-20% HP).
You can heal yourself when you bite living creatures.
You are immune to poison.
You have razor-sharp teeth.
You have supernaturally acute eyesight. (SInv)
You are afflicted with vampirism and can become a bat while bloodless.


Message History

Found a leather armour.
The ball python bites you but does no damage.
The ball python closely misses you.
The orc priest shouts!
You puncture the orc priest!
The orc priest is heavily wounded.
The orc shouts!
You hear a shout!
The ball python bites you but does no damage.
The orc priest hits you with a +0 short sword.
Casting: Ensorcelled Hibernation (safe; 9% risk of failure)
Confirm with . or Enter, or press ? or * to list all spells.
Aiming: Ensorcelled Hibernation (safe; 9% risk of failure)
Press: ? - help, Shift-Dir - straight line, f - orc priest
Aim: an orc priest, wielding a +0 short sword and wearing a +0 leather armour (heavily wounded, chance to affect: 46%)
The orc priest resists with some effort.
The ball python barely misses you. The ball python misses you.
The orc priest hits you with a +0 short sword.
The orc barely misses you.
The orc priest shouts, "Surrender to Beogh and we'll let you live!" (press Y on the ability menu to convert to Beogh)
You hit the orc priest.
The orc priest is severely wounded.
The ball python bites you but does no damage.
The ball python closely misses you.
The orc priest shouts, "The Pantheon deserves no one's loyalty.
Let us show you the true path!" The orc priest closely misses you.
The orc barely misses you.
You closely miss the orc priest.
The orc priest is severely wounded.
The ball python closely misses you. The ball python grabs you.
The ball python constricts you.
Unknown command.
You completely miss the orc priest.
The orc priest is severely wounded.
The ball python bites you. The ball python constricts you.
The orc priest hits you with a +0 short sword.
The orc hits you from afar with a +0 trident.
* * * LOW HITPOINT WARNING * * *
The orc priest shouts, "Beogh offers mercy even to people such as you.
Join us and be reborn!"
The ball python bites you.
You die...

... .[... . #.......## ..
#........#### .. +...........##
#.#......#...... #....#...#......
#...#oS......... #..o.@..#.....#
#..o...)..(...+ #...#......###
.........#.........#
#.....##.........#$.#
.###.....###...........# ##.. ##
.......................#...... #.
.............................. #.
........#.............##......##.


You could see an orc priest, 2 orcs and a ball python.

Vanquished Creatures
  A gnoll (D:3)
  2 adders
  A dart slug (D:1)
  7 bats
  4 endoplasms
  5 giant cockroaches
  3 goblins
  5 hobgoblins
  3 quokkas
  3 ball pythons
  2 frilled lizards
  7 kobolds
  5 rats
48 creatures vanquished.

Notes
Turn   | Place    | Note
-------+----------+-------------------------------------------
     0 | D:1      | growler the Vampire Enchanter began the quest for the Orb.
     0 | D:1      | Reached XP level 1. HP: 13/13 MP: 3/3
   334 | D:1      | Reached XP level 2. HP: 15/19 MP: 5/5
   371 | D:1      | Reached skill level 5 in Hexes
   932 | D:2      | Learned a level 2 spell: Ensorcelled Hibernation
   937 | D:2      | Gained mutation: You are afflicted with vampirism and can
                  | become a bat while bloodless. [Vampire growth]
   937 | D:2      | Reached XP level 3. HP: 24/24 MP: 6/6
  1123 | D:2      | Learned a level 3 spell: Confusing Touch
  1503 | D:3      | Reached XP level 4. HP: 24/24 MP: 7/7
  1547 | D:3      | Reached skill level 6 in Hexes
  1597 | D:3      | Slain by a ball python

Illustrated notes

Levels and vault maps discovered:
D:1:      tarquinn_simple_flora_water_d, layout_basic
D:2:      minmay_evil_eye, layout_basic
D:3:      layout_basic, grunt_decor_clamped

Skill      XL: |  1  2  3  4 |
---------------+-------------+-----
Hexes          | 5 6 |  6.1
Short Blades   | 2 3 |  3.2
Dodging        | |  2.1
Stealth        | |  4.4
Spellcasting   | |  2.0

Action                     |  1- 3 |  4- 6 || total
---------------------------+-------+-------++-------
  Melee: Dagger            |    97 |     6 ||   103
         Bite              |     6 |       ||     6
   Cast: Ensorcelled Hiber |     5 |     3 ||     8
Ability: Exsanguinate      |     1 |       ||     1
         Revivify          |       |     1 ||     1
    Use: Scroll            |       |     3 ||     3
   Stab: Sleeping          |    17 |     2 ||    19
 Armour: Robe              |    43 |    11 ||    54
  Dodge: Dodged            |    47 |     8 ||    55

Table legend: (Time is in decaauts)
 A = Elapsed time spent in this place.
 B = Non-inter-level travel time spent in this place.
 C = Inter-level travel time spent in this place.
 D = Time resting spent in this place.
 E = Time spent auto-exploring this place.
 F = Levels seen in this place.
 G = Mean time per level.
                   A        B        C        D        E       F      G
               +--------+--------+--------+--------+--------+-----+--------+
         Total |   1584 |   1543 |     41 |      8 |   1103 |   3 |  528.0 |
       Dungeon |   1584 |   1543 |     41 |      8 |   1103 |   3 |  528.0 |
               +--------+--------+--------+--------+--------+-----+--------+

Top non-repeatable levels by time:
     D:1: 919 daAuts
     D:2: 453 daAuts
     D:3: 210 daAuts
